 Dungeon Crawl Stone Soup version 0.31.0-9-g3a7656b989 (webtiles) character file.

Game seed: 9016491139847421754

60 qw the Shooter (level 3, -3/20 HPs)
             Began as a Deep Elf Hunter on Feb 2, 2024.
             Killed from afar by an orc wizard (10 damage)
             ... with a puff of flame
             ... on level 4 of the Dungeon.
             The game lasted 00:00:03 (1052 turns).

qw the Shooter (Deep Elf Hunter)                    Turns: 1052, Time: 00:00:04

Health: -3/20      AC:  5    Str: 10    XL:     3   Next: 80%
Magic:  5/5        EV: 11    Int: 13    God:
Gold:   74         SH:  0    Dex: 18    Spells: 2/2 levels left

rFire   . . .        a - +0 shortbow
rCold   . . .        (shield currently unavailable)
rNeg    . . .        b - +0 ring mail
rPois   .            (no helmet)
rElec   .            (no cloak)
rCorr   .            (no gloves)
SInv    .            (no boots)
Will    .....        (no amulet)
Stlth   +            (no ring)
HPRegen 0.23/turn    (no ring)
MPRegen 0.09/turn

%: no passive effects
@: no status effects
A: no striking features
a: no special abilities


You were on level 4 of the Dungeon.
You visited 1 branch of the dungeon, and saw 3 of its levels.

You collected 110 gold pieces.
You spent 36 gold pieces at shops.


   Skills:
 - Level 1.5 Fighting
 + Level 7.3 Ranged Weapons
 - Level 2.4 Dodging
 - Level 1.2 Stealth


You had 2 spell levels left.
You didn't know any spells.
Your spell library was empty.

Inventory:

Hand Weapons
 a - a +0 shortbow (weapon)
Armour
 b - a +0 ring mail (worn)
Wands
 h - a wand of roots (8)
Potions
 c - a potion of lignification {unknown}
 d - a potion of brilliance {unknown}
 f - a potion of might

Dungeon Overview and Level Annotations

Branches:
Dungeon (2/15)

Altars:

Shops:
D:1 :   D:4 !


Message History

Deactivating autopickup; reactivate with Ctrl-A.
1043 ||| DRINKING 2 potions of curing.
You feel better.
1043 ||| (to cure confusion)
You shoot an arrow. The arrow barely misses the orc wizard.
The orc wizard points at you and mumbles some strange words.
You are confused.
1045 ||| DRINKING potion of curing.
You feel better.
1045 ||| (to cure confusion)
You shoot an arrow. The arrow hits the orc.
The orc is heavily wounded.
You shoot an arrow.
The arrow hits the orc wizard but does no damage.
The orc wizard is severely wounded.
The orc wizard misses you. The orc closely misses you.
You shoot an arrow. The arrow misses the orc wizard.
The orc wizard hits you but does no damage.
The orc hits you with a +0 dagger.
You shoot an arrow.
The arrow closely misses the orc wizard.
The orc wizard hits you with a +0 dagger.
The orc hits you with a +0 dagger.
You shoot an arrow.
The arrow hits the orc wizard but does no damage.
The orc wizard is severely wounded.
The orc hits you but does no damage. The orc completely misses you.
The orc wizard hits you with a +0 dagger.
Something hits you.
1051 ||| DRINKING potion of heal wounds.
You feel much better. The orc wizard casts a spell at you.
The puff of flame hits you! The orc hits you but does no damage.
Something hits you.
You shoot an arrow.
The arrow closely misses the orc wizard.
The orc wizard hits you with a +0 dagger.
You hear some strange, mumbled words.
A puff of flame appears from out of thin air!
The puff of flame hits you!
Ouch! That really hurt!
You die...

#####.........#.####
#.........#....
#.........#...#
#.........#)..#
#.........#...#
#.........#...#
####..........#
#########..# #@o#
#.....o{oo....
#.#########... .


You could see an orc wizard and 3 orcs.

Vanquished Creatures
  Jessica (D:2)
  An adder (D:4)
  A ribbon worm (D:2)
  An orc (D:4)
  2 endoplasms
  A goblin (D:4)
  3 hobgoblins (D:1)
  4 kobolds
  A quokka (D:4)
  2 ball pythons
  2 bats (D:1)
  A frilled lizard (D:1)
  2 rats (D:1)
22 creatures vanquished.

Notes
Turn   | Place    | Note
-------+----------+-------------------------------------------
     0 | D:1      | qw the Deep Elf Hunter began the quest for the Orb.
     0 | D:1      | Reached XP level 1. HP: 12/12 MP: 3/3
     0 | D:1      | 0 ||| qw: Version: 0.3-a-155-g5e7d8dd
     0 | D:1      | 0 ||| qw: Game counter: 2397
     0 | D:1      | 0 ||| qw: Melee chars always use a shield: true
     0 | D:1      | 0 ||| qw: God list: Okawaru
     0 | D:1      | 0 ||| qw: Allow faded altars: false
     0 | D:1      | 0 ||| qw: Do Orc after clearing Dungeon:15 true
     0 | D:1      | 0 ||| qw: Do second Lair branch before Depths: true
     0 | D:1      | 0 ||| qw: Lair rune preference: random
     0 | D:1      | 0 ||| qw: Goals: Normal
     0 | D:1      | 0 ||| PLANNING D:1-11
    38 | D:1      | Found Wogytaut's Book Boutique.
    42 | D:1      | 42 ||| DROPPING scroll of butterflies.
   179 | D:1      | Reached XP level 2. HP: 16/16 MP: 4/4
   189 | D:1      | Reached skill level 6 in Ranged Weapons
   570 | D:1      | 570 ||| UPGRADING to +0 ring mail.
   580 | D:1      | 580 ||| DROPPING +0 leather armour.
   581 | D:1      | 581 ||| READING scroll labelled ZEETOIR HITU.
   581 | D:1      | 581 ||| IDENTIFYING bubbling white potion
   582 | D:1      | 582 ||| DRINKING 2 puce potions.
   722 | D:2      | Noticed Jessica
   726 | D:2      | Killed Jessica
   727 | D:2      | Reached skill level 7 in Ranged Weapons
   727 | D:2      | Reached XP level 3. HP: 20/20 MP: 5/5
   738 | D:2      | You fall into a shaft and drop 2 floors!
   794 | D:4      | Found Enanawas's Distillery.
   800 | D:4      | 800 ||| SHOPLISTING 2 potions of might (96 gold, have 82).
   800 | D:4      | 800 ||| BUYING potion of curing (36 gold).
   800 | D:4      | Bought a potion of curing for 36 gold pieces
   800 | D:4      | 800 ||| SHOPLISTING potion of heal wounds (60 gold, have
                  | 46).
  1043 | D:4      | 1043 ||| DRINKING 2 potions of curing.
  1043 | D:4      | 1043 ||| (to cure confusion)
  1045 | D:4      | 1045 ||| DRINKING potion of curing.
  1045 | D:4      | 1045 ||| (to cure confusion)
  1050 | D:4      | HP: 4/20 [something (3)]
  1051 | D:4      | 1051 ||| DRINKING potion of heal wounds.
  1052 | D:4      | Killed from afar by an orc wizard

Levels and vault maps discovered:
D:1:      moated_graveyard_arrival, layout_basic, serial_shops,
          nicolae_book_shop_shelving, amethyst_killhole
D:2:      layout_loops_corners, uniq_crazy_yiuf_cottage, uniq_sigmund,
          uniq_jessica
D:4:      layout_basic, mainiacjoe_overflow_paths, serial_shops,
          kennysheep_little_box, wad_rectangle_vault

Skill      XL: |  1  2 |
---------------+-------+-----
Ranged Weapons | 7 |  7.3
Fighting       | |  1.5
Dodging        | |  2.4
Stealth        | |  1.2

Action                     || total
---------------------------++-------
   Fire: Shortbow          ||    70
    Use: Potion            ||     4
         Scroll            ||     1
 Armour: Leather armour    ||     6
         Ring mail         ||    12
  Dodge: Dodged            ||    10

Table legend:
 A = Non-vault XP
 B = Vault XP
 C = Vault XP percentage of total XP
 D = Non-vault monster count
 E = Vault monster count
 F = Vault count percentage of total count
                 A         B        C        D         E       F
            +---------+---------+-------+---------+---------+-------
      Total |      49 |      37 |  43.0 |      21 |       1 |   4.5
            +---------+---------+-------+---------+---------+-------
        D:1 |      20 |       0 |   0.0 |      13 |       0 |   0.0
        D:2 |       8 |      37 |  82.2 |       3 |       1 |  25.0
        D:4 |      21 |       0 |   0.0 |       5 |       0 |   0.0
            +---------+---------+-------+---------+---------+-------
